 Dungeon Crawl Stone Soup version 0.20.1-1-g8b1a95d (webtiles) character file.

4276 Interventive the Cleaver (level 10, -1/82 (83) HPs)
             Began as a Ghoul Gladiator on Dec 23, 2017.
             Was an Elder of Kikubaaqudgha.
             Killed from afar by Erica (25 damage)
             ... with an orb of energy
             ... on level 8 of the Dungeon on Dec 24, 2017.
             The game lasted 03:00:22 (10549 turns).

Interventive the Cleaver (Ghoul Gladiator)         Turns: 10549, Time: 03:00:29

HP:   -1/82 (83)    AC: 20    Str: 20    XL:     10   Next: 31%
MP:   12/12         EV:  7    Int:  5    God:    Kikubaaqudgha [****..]
Gold: 440           SH:  0    Dex: 10    Spells: 12/13 levels left

rFire    . . .     SeeInvis .   a - +0 battleaxe
rCold    + . .     Gourm    .   (shield currently unavailable)
rNeg     + + +     Faith    .   z - +1 plate armour
rPois    ∞         Spirit   .   c - +0 helmet
rElec    .         Reflect  .   y - +2 cloak
rCorr    .         Harm     +   A - +2 pair of gloves
MR       .....                  (no boots)
Stlth    ..........             u - amulet of harm
Regen    0.0/turn               i - ring of wizardry
MPRegen  0.2/turn               g - ring of wizardry

@: confused, rotting, slowed, very slow
A: rotting body, claws 1, carnivore 3, cold resistance 1, negative energy
resistance 3, inhibited regeneration, torment resistance, unbreathing
a: Receive Corpses, Renounce Religion


You were on level 8 of the Dungeon.
You worshipped Kikubaaqudgha.
Kikubaaqudgha was greatly pleased with you.
You were not hungry.

You visited 1 branch of the dungeon, and saw 8 of its levels.

You collected 440 gold pieces.

Inventory:

Hand Weapons
 a - a +0 battleaxe (weapon)
 k - a +0 hunting sling
 n - a +3 war axe of electrocution
 r - a +0 shortbow
 x - a +4 quarterstaff of chaos
 F - a +0 arbalest
 I - a +0 dire flail
Missiles
 e - 325 stones
 o - 14 needles of sleeping
 p - 31 poisoned needles
 q - 4 throwing nets
 t - 148 arrows
 w - 26 sling bullets
 C - 18 bolts
 G - 6 poisoned tomahawks (quivered)
Armour
 c - a +0 helmet (worn)
 y - a +2 cloak (worn)
 z - a +1 plate armour (worn)
 A - a +2 pair of gloves (worn)
 O - a +4 ring mail
Jewellery
 g - a ring of wizardry (right hand)
 i - a ring of wizardry (left hand)
 s - a +5 ring of dexterity
 u - an amulet of harm (around neck)
 K - an uncursed ring of protection from cold
Wands
 b - a wand of paralysis (8/24)
 M - a wand of scattershot (7/9)
 N - a wand of lightning (5/15)
Scrolls
 l - a scroll of teleportation
 E - a scroll of acquirement
 J - a scroll of remove curse
 L - a scroll of recharging
Potions
 h - a potion of flight
 j - a potion of degeneration {unknown}
 m - a potion of invisibility {unknown}
 v - a potion of lignification
 B - 5 potions of curing {unknown}
 D - a potion of cancellation {unknown}
 H - a potion of brilliance
Books
 d - Kikubaaqudgha's Incunabulum of Black Magic
   (Kikubaaqudgha gifted it to you on level 6 of the Dungeon)

   Spells                             Type                      Level
   a - Animate Skeleton               Necromancy                   1
   b - Pain                           Necromancy                   1
   c - Corpse Rot                     Necromancy                   2
   d - Vampiric Draining              Necromancy                   3
   e - Control Undead                 Necromancy                   4
 f - Kikubaaqudgha's Volume of Evil
   (Kikubaaqudgha gifted it to you on level 5 of the Dungeon)

   Spells                             Type                      Level
   a - Excruciating Wounds            Charms/Necromancy            5
   b - Agony                          Necromancy                   5
   c - Cigotuvi's Embrace             Necromancy                   5
   d - Dispel Undead                  Necromancy                   5
   e - Death Channel                  Necromancy                   6


   Skills:
 + Level 6.2 Fighting
   Level 0.8(2.1) Short Blades
   Level 3.0(3.1) Long Blades
 + Level 8.8 Axes
 + Level 0.5(5.6) Maces & Flails
 + Level 1.6(1.7) Staves
 + Level 0.6 Bows
 + Level 3.0 Crossbows
 + Level 3.6 Throwing
 + Level 4.8 Armour
 + Level 3.6 Dodging
 + Level 1.7 Stealth
 + Level 2.0 Spellcasting
 + Level 2.6 Necromancy


You had 12 spell levels left.
You knew the following spells:

 Your Spells              Type           Power        Failure   Level  Hunger
a - Animate Skeleton      Necr           N/A          65%         1    ##.....


Dungeon Overview and Level Annotations

Branches:
Dungeon (8/15)               Lair (0/6) D:8
 Temple: D:4-7

Altars:
Cheibriados
Elyvilon
Hepliaklqana
Kikubaaqudgha
Makhleb
Nemelex Xobeh
Qazlal
Ru
Sif Muna
Uskayaw
Vehumet
Yredelemnul
The Shining One

Annotations:
D:8 Erica


Innate Abilities, Weirdness & Mutations

Your body is rotting away.
You thrive on raw meat.
You are immune to poison.
You have sharp fingernails.
You are carnivorous and can eat meat at any time.
Your flesh is cold resistant. (rC+)
You are immune to negative energy. (rN+++)
You do not regenerate when monsters are visible.
You are immune to unholy pain and torment.
You can survive without breathing.


Message History

An orb of energy appears from out of thin air!
The orb of energy hits you!
The orb of energy explodes!
You hear some strange, mumbled words.
Something tries to affect you, but you resist.
a - a +0 battleaxe (weapon)
Something hits you. Something burns you.
You miss something.
Something hits you but does no damage. x3
You miss something. Something hits you but does no damage.
You hear some strange, mumbled words.
Something tries to affect you, but you resist.
You hear some strange, mumbled words.
Something tries to affect you, but you resist.
You miss something. Something hits you but does no damage. Something hits you!
Something burns you.
* * * LOW HITPOINT WARNING * * *
You hear some strange, mumbled words.
An orb of energy appears from out of thin air!
The orb of energy hits you!
You die...
Kikubaaqudgha rasps: "You have failed me!
Welcome... oblivion!"

#.# #.##.########.#
#.# #.##.# #.# #.#
#.##.#### #.# #.#
#.##.)..# #.# #.#
#.#####.# #.# #.#
#.# #.# #.# #.# #.#
#.# #.# #.#
#.#####.#####.#
#.###.@...........#
#....##{....#######
####.##(##.≈#
#.##)..≈#####
#.##.(..#...#
#)##...('.#
#.##.#).#...#
#.##.#.≈#####
#.##.##(≈###


There were no monsters in sight!

Vanquished Creatures
  A two-headed ogre (D:8)
  Grinder (D:5)
  A hippogriff (D:7)
  A human (D:5)
  2 hungry ghosts
  An orc warrior (D:7)
  An ice beast (D:6)
  A phantom (D:8)
  A sky beast (D:5)
  3 centaurs
  2 big kobolds
  4 bullfrogs
  2 scorpions
  2 centaur zombies (D:4)
  2 bullfrog zombies (D:4)
  2 hounds
  6 jellies
  10 orc wizards
  Crazy Yiuf (D:2)
  2 centaur skeletons
  2 gnoll shamans (D:6)
  A human zombie (D:5)
  6 orc priests
  A bullfrog skeleton (D:5)
  2 iguanas (D:4)
  6 worker ants
  2 hound zombies (D:4)
  A hound skeleton (D:4)
  A howler monkey zombie (D:4)
  2 worker ant zombies
  23 gnolls
  6 adders
  2 shadow imps (D:5)
  6 oozes
  3 adder skeletons
  2 adder zombies
  2 dart slugs
  5 leopard geckos
  36 orcs
  8 giant cockroaches
  33 goblins
  24 hobgoblins
  18 jackals
  4 ball pythons
  9 bats
  7 frilled lizards
  A giant cockroach zombie (D:5)
  18 kobolds
  2 leopard gecko skeletons (D:5)
  2 quokka zombies (D:4)
  11 rats
  A bush (D:2)
  4 fungi (D:2)
  13 plants
  7 withered plants (D:4)
317 creatures vanquished.

Vanquished Creatures (others)
  An adder (D:7)
1 creature vanquished.

Grand Total: 318 creatures vanquished

Notes
Turn   | Place    | Note
-------+----------+-------------------------------------------
     0 | D:1      | Interventive the Ghoul Gladiator began the quest for the Orb.
     0 | D:1      | Reached XP level 1. HP: 17/17 MP: 0/0
   562 | D:1      | Reached XP level 2. HP: 10/23 MP: 1/1
  1503 | D:1      | Reached XP level 3. HP: 21/23 MP: 2/2
  2496 | D:2      | Found a runed door.
  2500 | D:2      | Noticed Crazy Yiuf
  2504 | D:2      | Killed Crazy Yiuf
  2504 | D:2      | Reached skill level 1 in Armour
  2504 | D:2      | Reached XP level 4. HP: 30/30 MP: 3/3
  2631 | D:2      | Found a hazy altar of Hepliaklqana.
  2985 | D:2      | Reached skill level 1 in Staves
  2994 | D:2      | Found a snail-covered altar of Cheibriados.
  3538 | D:3      | Reached XP level 5. HP: 41/41 MP: 4/4
  3588 | D:3      | Found a stormy altar of Qazlal.
  3742 | D:3      | Reached skill level 1 in Stealth
  3742 | D:3      | Reached XP level 6. HP: 37/50 MP: 5/5
  3743 | D:3      | Reached skill level 1 in Axes
  4442 | D:3      | Found an ancient bone altar of Kikubaaqudgha.
  4460 | D:3      | Became a worshipper of Kikubaaqudgha
  4791 | D:4      | Reached skill level 2 in Axes
  4854 | D:4      | You fall through a shaft for 2 floors!
  4862 | D:6      | Reached XP level 7. HP: 50/57 MP: 6/6
  4957 | D:6      | Reached skill level 3 in Axes
  5022 | D:6      | Identified a scroll of acquirement
  5048 | D:6      | Reached * piety under Kikubaaqudgha
  5048 | D:6      | Identified Kikubaaqudgha's Incunabulum of Black Magic (Kikubaaqudgha gifted it to you on level 6 of the Dungeon)
  5048 | D:6      | Received a gift from Kikubaaqudgha
  5071 | D:6      | Learned a level 1 spell: Animate Skeleton
  5074 | D:6      | Reached skill level 4 in Axes
  5087 | D:6      | Found a glowing golden altar of the Shining One.
  5413 | D:6      | Found a burning altar of Makhleb.
  5413 | D:6      | Found a sacrificial altar of Ru.
  5414 | D:6      | Found a radiant altar of Vehumet.
  5500 | D:6      | Found a white marble altar of Elyvilon.
  5502 | D:6      | Found a hide-covered altar of Uskayaw.
  5647 | D:6      | Noticed a hungry ghost
  5684 | D:6      | Killed a hungry ghost
  5684 | D:6      | Reached skill level 1 in Spellcasting
  5684 | D:6      | Reached skill level 1 in Necromancy
  5684 | D:6      | Reached XP level 8. HP: 33/64 MP: 6/8
  5789 | D:6      | Found a sparkling altar of Nemelex Xobeh.
  5925 | D:5      | Entered Level 5 of the Dungeon
  6104 | D:5      | Noticed Grinder
  6128 | D:5      | Killed Grinder
  6128 | D:5      | Reached skill level 5 in Axes
  6414 | D:5      | Found a runed door.
  6434 | D:5      | Found a basalt altar of Yredelemnul.
  6521 | D:5      | Reached skill level 6 in Axes
  6679 | D:5      | Reached ** piety under Kikubaaqudgha
  6789 | D:5      | Reached XP level 9. HP: 72/72 MP: 5/10
  7292 | D:5      | Reached *** piety under Kikubaaqudgha
  7292 | D:5      | Identified Kikubaaqudgha's Volume of Evil (Kikubaaqudgha gifted it to you on level 5 of the Dungeon)
  7292 | D:5      | Received a gift from Kikubaaqudgha
  7309 | D:5      | Learned a level 6 spell: Death Channel
  7641 | D:4      | Reached skill level 7 in Axes
  7700 | D:4      | Reached skill level 5 in Fighting
  8151 | D:7      | Found a deep blue altar of Sif Muna.
  9141 | D:7      | Reached skill level 8 in Axes
  9617 | D:8      | Reached **** piety under Kikubaaqudgha
  9617 | D:8      | Reached skill level 1 in Crossbows
  9726 | D:8      | Reached XP level 10. HP: 63/83 MP: 11/11
  9842 | D:8      | Noticed a two-headed ogre
 10098 | D:8      | Found a staircase to the Lair.
 10222 | D:8      | Killed a two-headed ogre
 10524 | D:8      | Noticed Erica
 10549 | D:8      | Killed from afar by Erica

Skill      XL: |  1  2  3  4  5  6  7  8  9 10 |
---------------+-------------------------------+-----
Throwing       | 2 3 |  3.6
Dodging        | 3 |  3.6
Long Blades    | 3 |  3.0
Armour         | 1 2 3 4 |  4.8
Staves         | 1 |  1.6
Stealth        | 1 |  1.7
Axes           | 2 4 6 8 |  8.8
Fighting       | 3 4 5 6 |  6.2
Spellcasting   | 1 2 |  2.0
Necromancy     | 1 2 |  2.6
Crossbows      | 1 3 |  3.0
Short Blades   | |  0.8
Maces & Flails | |  0.5
Bows           | |  0.6

Action                   |  1- 3 |  4- 6 |  7- 9 | 10-12 || total
-------------------------+-------+-------+-------+-------++-------
Melee: Short sword       |    68 |       |       |       ||    68
       Long sword        |   112 |       |       |       ||   112
       Whip              |    12 |       |       |       ||    12
       Unarmed           |    46 |       |       |       ||    46
       Quarterstaff      |       |    35 |       |       ||    35
       Mace              |       |    13 |       |       ||    13
       War axe           |       |   159 |    37 |       ||   196
       Battleaxe         |       |       |   369 |    32 ||   401
       Arbalest          |       |       |       |     4 ||     4
 Fire: Hunting sling     |       |       |     1 |       ||     1
       Arbalest          |       |       |    39 |    41 ||    80
       Shortbow          |       |       |     5 |       ||     5
Throw: Stone             |    25 |    13 |    22 |       ||    60
       Tomahawk          |     8 |    19 |     9 |       ||    36
       Throwing net      |       |    11 |     2 |       ||    13
 Cast: Animate Skeleton  |       |       |       |     2 ||     2
Invok: Receive Corpses   |       |       |     4 |     1 ||     5
Evoke: Wand              |       |       |       |     1 ||     1
  Use: Scroll            |     2 |     5 |    15 |     2 ||    24
       Potion            |     1 |       |     1 |       ||     2
 Stab: Held in net/web   |       |     1 |       |       ||     1
       Distracted        |       |       |     1 |       ||     1
  Eat: Royal jelly       |     1 |       |     2 |       ||     3
       Chunk             |     1 |    17 |    47 |     9 ||    74
       Meat ration       |     1 |     1 |     1 |       ||     3
Armor: Leather armour    |    50 |       |       |       ||    50
       Ring mail         |     1 |    24 |       |       ||    25
       Plate armour      |       |    74 |   437 |    55 ||   566
Dodge: Dodged            |    94 |    83 |   194 |    26 ||   397
       Rpst.: Long sword |     6 |       |       |       ||     6
